 Dungeon Crawl Stone Soup version 0.25.0-9-g26727b657a (webtiles) character file.

Game seed: 7969164595004490537

155 Fv001 the Shield-Bearer (level 5, -1/42 HPs)
             Began as a Formicid Fighter on June 17, 2020.
             Killed by divine providence
             ... invoked by an orc priest
              (11 damage)
             ... on level 3 of the Dungeon.
             The game lasted 00:07:44 (2670 turns).

Fv001 the Shield-Bearer (Formicid Fighter)          Turns: 2670, Time: 00:07:45

Health: -1/42      AC: 10    Str: 20    XL:     5   Next: 63%
Magic:  5/5        EV:  6    Int:  8    God:
Gold:   45         SH:  9    Dex: 11    Spells: 4/4 levels left

rFire    . . .     SeeInvis +   a - +0 long sword
rCold    . . .     Gourm    .   c - +0 kite shield
rNeg     . . .     Faith    .   g - +0 chain mail
rPois    .         Spirit   .   (helmet unavailable)
rElec    .         Reflect  .   r - +0 cloak
rCorr    .         Harm     .   (no gloves)
MR       .....                  (no boots)
Stlth    ..........             (no amulet)
HPRegen  0.14/turn              (no ring)
MPRegen  0.09/turn              (no ring)

@: flying
A: permanent stasis, dig shafts and tunnels, four strong arms, antennae 3
a: Dig, Shaft Self


You were on level 3 of the Dungeon.
You were not hungry.

You visited 1 branch of the dungeon, and saw 3 of its levels.

You collected 45 gold pieces.

Inventory:

Hand Weapons
 a - a +0 long sword (weapon)
 b - a +0 short sword
Armour
 c - a +0 kite shield (worn)
 g - a +0 chain mail (worn)
 r - a +0 cloak (worn)
Jewellery
 j - an uncursed ring of ice
Wands
 p - a wand of digging (5)
Scrolls
 i - a scroll of enchant weapon {unknown}
 q - a scroll of enchant armour {unknown}
 t - a scroll of magic mapping {unknown}
Potions
 d - a potion of might
 e - 2 potions of curing {unknown}
 h - a potion of stabbing
 k - a potion of degeneration {unknown}
 l - a potion of magic
 n - a potion of haste {unknown}
 s - a potion of brilliance {unknown}
Comestibles
 f - 3 rations
 o - 8 chunks of flesh


   Skills:
 + Level 3.9 Fighting
 * Level 3.1 Long Blades
 * Level 4.3 Armour
 + Level 1.1 Dodging
 * Level 4.6 Shields


You had 4 spell levels left.
You didn't know any spells.
Your spell library was empty.

Dungeon Overview and Level Annotations

Branches:
Dungeon (3/15)

Altars:


Innate Abilities, Weirdness & Mutations

You cannot be hasted, slowed, berserked, paralysed or teleported.
You can dig through walls and to a lower floor.
Your four strong arms can wield two-handed weapons with a shield.
You have a pair of large antennae on your head. (SInv)


Message History

You hit the orc priest.
The orc priest is lightly wounded.
The orc priest mumbles some strange prayers to Beogh against you.
Pain shoots through your body!
* * * LOW HITPOINT WARNING * * *
The orc wizard casts a spell.
The orc wizard seems to speed up.
You barely miss the orc priest.
The orc priest is lightly wounded.
You block the orc priest's attack. The orc hits you but does no damage.
You block the orc priest's attack.
It was a potion of flight.
You feel very buoyant.
You fly up into the air.
The orc wizard casts a spell.
The orc wizard blinks!
The orc barely misses you.
You riposte.
You hit the orc but do no damage.
The orc priest calls down the wrath of Beogh upon you.
Beogh smites you!
You die...

######### # # #
##### # ##...## #
##.###.##
########.#####.#
##..........##.###
....####÷##.##{#@#
..#.#
##.#.#{#o#o......
....#
##.÷÷####§###.#.
##### ##.## .# #
#.### .# # #...#
.# { # ###.# ..
#.# ##
#.######.###


You could see an orc priest and an orc.

Vanquished Creatures
  Crazy Yiuf (D:2)
  Terence (D:2)
  3 adders (D:2)
  3 worms (D:2)
  3 dart slugs
  2 leopard geckos (D:1)
  7 bats
  3 giant cockroaches
  11 goblins
  7 hobgoblins
  3 jackals (D:3)
  5 kobolds
  3 frilled lizards
  7 rats
  A fungus (D:2)
60 creatures vanquished.

Notes
Turn   | Place    | Note
-------+----------+-------------------------------------------
     0 | D:1      | Fv001 the Formicid Fighter began the quest for the Orb.
     0 | D:1      | Reached XP level 1. HP: 18/18 MP: 1/1
    93 | D:1      | Reached XP level 2. HP: 24/24 MP: 2/2
   543 | D:1      | Reached XP level 3. HP: 29/29 MP: 3/3
  1305 | D:2      | Reached XP level 4. HP: 37/37 MP: 4/4
  2091 | D:2      | Noticed Terence
  2114 | D:2      | Killed Terence
  2114 | D:2      | Reached XP level 5. HP: 40/42 MP: 5/5
  2228 | D:2      | Found a runed translucent door.
  2229 | D:2      | Noticed Crazy Yiuf
  2236 | D:2      | Killed Crazy Yiuf
  2236 | D:2      | Reached skill level 1 in Dodging
  2670 | D:3      | Killed from afar by an orc priest

Illustrated notes

Levels and vault maps discovered:
D:1:      evilmike_arrival_hilbert_curve, layout_loops_ring
D:2:      layout_basic, uniq_crazy_yiuf_cottage, uniq_terence
D:3:      layout_loops_corners, first_ration, tgw_sif

Skill      XL: |  1  2  3  4  5 |
---------------+----------------+-----
Shields        | 4 |  4.6
Armour         | 4 |  4.3
Long Blades    | 3 |  3.1
Dodging        | 1 |  1.1
Fighting       | |  3.9

Action                   |  1- 3 |  4- 6 || total
-------------------------+-------+-------++-------
Melee: Long sword        |   114 |   144 ||   258
 Abil: Dig               |       |     1 ||     1
  Use: Scroll            |     2 |       ||     2
       Potion            |       |     3 ||     3
  Eat: Chunk             |     1 |     5 ||     6
Armor: Scale mail        |    54 |     2 ||    56
       Chain mail        |       |    40 ||    40
Dodge: Dodged            |    36 |    30 ||    66
Block: Kite shield       |    58 |    76 ||   134
       Rpst.: Long sword |     6 |     9 ||    15
